SNL (28 & UNDER)
GAINESVILLE GUIDOS @ KEY WEST BARRACUDAS
07/15/2026
 
TOP OF THE 1ST
Gainesville Guidos batting - Pitching for Key West Barracudas : RHP Lawrence Fish
Pitching: RHP Lawrence Fish
Batting: RHB Iván Moreno 0-0: Ball
1-0: Called Strike
1-1: Ground out 4-3 (Groundball, 4)
Batting: RHB John Little 0-0: Ball
1-0: Foul Ball, location: 2F
1-1: Ball
2-1: Foul Ball, location: 2F
2-2: SINGLE (Line Drive, 34D)
Batting: LHB Mark Owens 0-0: Ball
1-0: Foul Ball, location: 2F
1-1: Ground out 2-3 (Groundball, 23)
John Little to second
Batting: LHB António Cedeño 0-0: Ball
1-0: Ball
2-0: Ball
3-0: Called Strike
3-1: Foul Ball, location: 2F
3-2: Foul Ball, location: 2F
3-2: Strikes out swinging
Top of the 1st over - 0 run(s), 1 hit(s), 0 error(s), 1 left on base; Gainesville 0 - Key West 0
BOTTOM OF THE 1ST
Key West Barracudas batting - Pitching for Gainesville Guidos : RHP John Jones
Pitching: RHP John Jones
Batting: SHB Rodney Birling 0-0: Ball
1-0: Swinging Strike
1-1: Foul Ball, location: 2F
1-2: Ball
2-2: Strikes out swinging
Batting: RHB Carlos Bravo 0-0: Ball
1-0: Ground out 4-3 (Groundball, 34)
Batting: RHB Anastasio Villa 0-0: Called Strike
0-1: Called Strike
0-2: Ball
1-2: Ground out 5-3 (Groundball, 5)
Bottom of the 1st over - 0 run(s), 0 hit(s), 0 error(s), 0 left on base; Gainesville 0 - Key West 0
TOP OF THE 2ND
Gainesville Guidos batting - Pitching for Key West Barracudas : RHP Lawrence Fish
Batting: RHB Kurt Walter 0-0: Called Strike
0-1: Foul Ball, location: 2F
0-2: Foul Ball, location: 2F
0-2: Ball
1-2: Ball
2-2: Ground out 6-3 (Groundball, 6)
Batting: RHB José Ortega 0-0: Ball
1-0: Swinging Strike
1-1: Fly out, F8 (Flyball, 8LS)
Batting: RHB Mark McDonald 0-0: Foul Ball, location: 2F
0-1: Foul Ball, location: 2F
0-2: Fly out, F8 (Line Drive, 8LM)
Top of the 2nd over - 0 run(s), 0 hit(s), 0 error(s), 0 left on base; Gainesville 0 - Key West 0
BOTTOM OF THE 2ND
Key West Barracudas batting - Pitching for Gainesville Guidos : RHP John Jones
Batting: LHB Domingo Ledesma 0-0: Called Strike
0-1: Swinging Strike
0-2: Ball
1-2: Foul Ball, location: 2F
1-2: Foul Ball, location: 2F
1-2: Strikes out swinging
Batting: LHB Jake Wells 0-0: Ball
1-0: Ball
2-0: Called Strike
2-1: Ball
3-1: Base on Balls
Batting: LHB Daniel Byrd 0-0: Ball
1-0: Ball
2-0: Ground out U3 (Groundball, 3S)
Jake Wells to second
Batting: RHB Carlos Miranda 0-0: Foul Ball, location: 2F
0-1: SINGLE (Flyball, 8RS)
Jake Wells to third
Runner from 3rd tries for Home, throw and OUT!
Bottom of the 2nd over - 0 run(s), 1 hit(s), 0 error(s), 1 left on base; Gainesville 0 - Key West 0
TOP OF THE 3RD
Gainesville Guidos batting - Pitching for Key West Barracudas : RHP Lawrence Fish
Batting: RHB Kyle O'Day 0-0: Hit by Pitch
Batting: RHB Júlio Galló 0-0: Foul Ball, location: 2F
0-1: Ball
1-1: Called Strike
1-2: Hit by Pitch
Kyle O'Day to second
Batting: RHB Iván Moreno 0-0: Grounds into double play, 6-4-3 (Groundball, 6)
Kyle O'Day to third
Batting: RHB John Little 0-0: DOUBLE (Flyball, 89M)
Kyle O'Day scores
Batting: LHB Mark Owens 0-0: Called Strike
0-1: DOUBLE (Line Drive, 8LXD)
John Little scores
Batting: LHB António Cedeño 0-0: Swinging Strike
0-1: Ball
1-1: Ball
2-1: Fly out, F6 (Line Drive, 6M)
Top of the 3rd over - 2 run(s), 2 hit(s), 0 error(s), 1 left on base; Gainesville 2 - Key West 0
BOTTOM OF THE 3RD
Key West Barracudas batting - Pitching for Gainesville Guidos : RHP John Jones
Batting: RHB Dan Craft 0-0: Foul Ball, location: 2F
0-1: Foul Ball, location: 2F
0-2: Ball
1-2: Ball
2-2: Ball
3-2: Fly out, F6 (Popup, 6MD)
Batting: LHB Motoki Hirata 0-0: Ball
1-0: Called Strike
1-1: DOUBLE (Line Drive, 9LS)
Batting: SHB Rodney Birling 0-0: Ball
1-0: Called Strike
1-1: Called Strike
1-2: Foul Ball, location: 2F
1-2: Foul Ball, location: 2F
1-2: SINGLE (Line Drive, 56D)
Motoki Hirata to third
Batting: RHB Carlos Bravo 0-0: Called Strike
0-1: Ball
1-1: Swinging Strike
1-2: Strikes out swinging
Batting: RHB Anastasio Villa 0-0: Ball
1-0: Called Strike
1-1: Ball
2-1: Foul Ball, location: 2F
2-2: Fly out, F4 (Popup, 4S)
Bottom of the 3rd over - 0 run(s), 2 hit(s), 0 error(s), 2 left on base; Gainesville 2 - Key West 0
TOP OF THE 4TH
Gainesville Guidos batting - Pitching for Key West Barracudas : RHP Lawrence Fish
Batting: RHB Kurt Walter 0-0: Foul Ball, location: 2F
0-1: Ball
1-1: Foul Ball, location: 2F
1-2: Ball
2-2: Strikes out swinging
Batting: RHB José Ortega 0-0: Called Strike
0-1: Foul Ball, location: 2F
0-2: Ball
1-2: Ground out 6-3 (Groundball, 6)
Batting: RHB Mark McDonald 0-0: Called Strike
0-1: Ball
1-1: Ball
2-1: Called Strike
2-2: Strikes out swinging
Top of the 4th over - 0 run(s), 0 hit(s), 0 error(s), 0 left on base; Gainesville 2 - Key West 0
BOTTOM OF THE 4TH
Key West Barracudas batting - Pitching for Gainesville Guidos : RHP John Jones
Batting: LHB Domingo Ledesma 0-0: Swinging Strike
0-1: Ball
1-1: Ball
2-1: Ground out 4-3 (Groundball, 4M)
Batting: LHB Jake Wells 0-0: Ball
1-0: Ground out 4-3 (Groundball, 4)
Batting: LHB Daniel Byrd 0-0: Ground out 3-1 (Groundball, 3L)
Bottom of the 4th over - 0 run(s), 0 hit(s), 0 error(s), 0 left on base; Gainesville 2 - Key West 0
TOP OF THE 5TH
Gainesville Guidos batting - Pitching for Key West Barracudas : RHP Lawrence Fish
Batting: RHB Kyle O'Day 0-0: DOUBLE (Flyball, 8LXD)
Batting: RHB Júlio Galló 0-0: Called Strike
0-1: Ball
1-1: Ground out 4-3 (Groundball, 4)
Kyle O'Day to third
Batting: RHB Iván Moreno 0-0: Called Strike
0-1: Foul Ball, location: 2F
0-2: Ball
1-2: Ball
2-2: Fly out, F9 (Flyball, 9S)
Batting: RHB John Little 0-0: Ground out 6-3 (Groundball, 6)
Top of the 5th over - 0 run(s), 1 hit(s), 0 error(s), 1 left on base; Gainesville 2 - Key West 0
BOTTOM OF THE 5TH
Key West Barracudas batting - Pitching for Gainesville Guidos : RHP John Jones
Batting: RHB Carlos Miranda 0-0: SOLO HOME RUN (Line Drive, 7D), Distance : 402 ft
Batting: RHB Dan Craft 0-0: Swinging Strike
0-1: Foul Ball, location: 2F
0-2: Ball
1-2: Ball
2-2: Foul Ball, location: 2F
2-2: Ball
3-2: Foul Ball, location: 2F
3-2: Foul Ball, location: 2F
3-2: Foul Ball, location: 2F
3-2: Base on Balls
Batting: LHB Motoki Hirata 0-0: Called Strike
0-1: Fly out, F5 (Popup, 5DF)
Batting: SHB Rodney Birling 0-0: Fly out, F9 (Line Drive, 89S)
0-0: Fly out, F9 (Line Drive, 89S)
Batting: RHB Carlos Bravo 0-0: Ball
Dan Craft steals 2nd base
1-0: Ball
2-0: Called Strike
2-1: DOUBLE (Flyball, 89XD)
Dan Craft scores
Batting: RHB Anastasio Villa 0-0: Ball
1-0: Foul Ball, location: 2F
1-1: Ball
2-1: Called Strike
2-2: Ground out 4-3 (Groundball, 4)
Bottom of the 5th over - 2 run(s), 2 hit(s), 0 error(s), 1 left on base; Gainesville 2 - Key West 2
TOP OF THE 6TH
Gainesville Guidos batting - Pitching for Key West Barracudas : RHP Lawrence Fish
Batting: LHB Mark Owens 0-0: Swinging Strike
0-1: Ball
1-1: Ball
2-1: Ground out 5-3 (Groundball, 5)
Batting: LHB António Cedeño 0-0: Called Strike
0-1: Swinging Strike
0-2: Ball
1-2: Ground out 2-3 (Groundball, 2L)
Batting: RHB Kurt Walter 0-0: Ball
1-0: Ground out 6-3 (Groundball, 6)
Top of the 6th over - 0 run(s), 0 hit(s), 0 error(s), 0 left on base; Gainesville 2 - Key West 2
BOTTOM OF THE 6TH
Key West Barracudas batting - Pitching for Gainesville Guidos : RHP John Jones
Pitching: RHP Mario Tovar
Batting: LHB Domingo Ledesma 0-0: Foul Ball, location: 2F
0-1: Foul Ball, location: 2F
0-2: DOUBLE (Groundball, 3L)
Batting: LHB Jake Wells 0-0: Called Strike
0-1: Fly out, F6 (Popup, 6D)
Batting: LHB Daniel Byrd 0-0: Intentional Walk
Batting: RHB Carlos Miranda 0-0: Foul Ball, location: 2F
0-1: Foul Ball, location: 2F
0-2: Ball
1-2: Strikes out looking
Batting: RHB Dan Craft 0-0: Called Strike
0-1: Swinging Strike
0-2: Foul Ball, location: 2F
0-2: Foul Ball, location: 2F
0-2: Strikes out swinging
Bottom of the 6th over - 0 run(s), 1 hit(s), 0 error(s), 2 left on base; Gainesville 2 - Key West 2
TOP OF THE 7TH
Gainesville Guidos batting - Pitching for Key West Barracudas : RHP Lawrence Fish
Pinch Hitting: LHB Eddy Jefferson 0-0: Ball
1-0: Ball
2-0: Called Strike
2-1: Foul Ball, location: 2F
2-2: Foul Ball, location: 2F
2-2: Strikes out swinging
Pinch Hitting: RHB Doug Coleman 0-0: Ball
1-0: Fly out, F7 (Line Drive, 7M)
Batting: RHB Kyle O'Day 0-0: Foul Ball, location: 2F
0-1: Ball
1-1: Foul Ball, location: 2F
1-2: Foul Ball, location: 2F
1-2: Strikes out swinging
Top of the 7th over - 0 run(s), 0 hit(s), 0 error(s), 0 left on base; Gainesville 2 - Key West 2
BOTTOM OF THE 7TH
Key West Barracudas batting - Pitching for Gainesville Guidos : RHP Mario Tovar
Now at SS: Eddy Jefferson
Batting: LHB Motoki Hirata 0-0: Fly out, F8 (Line Drive, 78M)
Now at SS: Will Evans
Pinch Hitting: RHB Edward Holloway 0-0: Ball
1-0: Called Strike
1-1: Ball
2-1: Foul Ball, location: 2F
2-2: Strikes out looking
Batting: RHB Carlos Bravo 0-0: Called Strike
0-1: Swinging Strike
0-2: Ball
1-2: Strikes out swinging
Bottom of the 7th over - 0 run(s), 0 hit(s), 0 error(s), 0 left on base; Gainesville 2 - Key West 2
TOP OF THE 8TH
Gainesville Guidos batting - Pitching for Key West Barracudas : RHP Lawrence Fish
Now at SS: Richard Sanders
Pinch Hitting: LHB Ed Murray 0-0: Ball
1-0: Ball
2-0: Swinging Strike
2-1: Foul Ball, location: 2F
2-2: SINGLE (Line Drive, 78M)
Pitching: RHP Ed Calhoun
Pinch Hitting: RHB Alfredo Díaz 0-0: Foul Ball, location: 2F
0-1: Swinging Strike
0-2: Ball
1-2: Strikes out swinging
Batting: RHB John Little 0-0: Ball
1-0: Bunted foul
1-1: Sac Bunt - play at first, batter OUT! 1-4
Ed Murray to second
Batting: LHB Mark Owens 0-0: Ball
1-0: Ball
2-0: Called Strike
2-1: Foul Ball, location: 2F
2-2: Ground out 4-3 (Groundball, 34)
Top of the 8th over - 0 run(s), 1 hit(s), 0 error(s), 1 left on base; Gainesville 2 - Key West 2
BOTTOM OF THE 8TH
Key West Barracudas batting - Pitching for Gainesville Guidos : RHP Mario Tovar
Pitching: RHP Juan Mora
Now at 2B: Juan Reyes
Now at 3B: Pedro Juárez
Batting: RHB Anastasio Villa 0-0: Called Strike
0-1: Foul Ball, location: 2F
0-2: Foul Ball, location: 2F
0-2: Ball
1-2: Strikes out swinging
Batting: LHB Domingo Ledesma 0-0: Ball
1-0: Ball
2-0: Swinging Strike
2-1: Foul Ball, location: 2F
2-2: Foul Ball, location: 2F
2-2: Ball
3-2: Foul Ball, location: 2F
3-2: Ground out U3 (Groundball, 3S)
Batting: LHB Jake Wells 0-0: Swinging Strike
0-1: Ball
1-1: Foul Ball, location: 2F
1-2: Ball
2-2: Fly out, F8 (Flyball, 8LS)
Bottom of the 8th over - 0 run(s), 0 hit(s), 0 error(s), 0 left on base; Gainesville 2 - Key West 2
TOP OF THE 9TH
Gainesville Guidos batting - Pitching for Key West Barracudas : RHP Ed Calhoun
Pitching: RHP George Bennion
Batting: LHB António Cedeño 0-0: Ball
1-0: Called Strike
1-1: Ball
2-1: SINGLE (Groundball, 25) (infield hit)
Batting: RHB Kurt Walter 0-0: Called Strike
0-1: Swinging Strike
0-2: Strikes out looking
Batting: LHB Eddy Jefferson 0-0: Ball
1-0: Ball
2-0: Called Strike
2-1: Called Strike
2-2: Fly out, F6 (Popup, 6D)
Batting: SHB Will Evans 0-0: Foul Ball, location: 2F
0-1: Called Strike
0-2: Ball
1-2: Ball
2-2: Foul Ball, location: 2F
2-2: Fly out, F5 (Popup, 5)
Top of the 9th over - 0 run(s), 1 hit(s), 0 error(s), 1 left on base; Gainesville 2 - Key West 2
BOTTOM OF THE 9TH
Key West Barracudas batting - Pitching for Gainesville Guidos : RHP Juan Mora
Batting: LHB Daniel Byrd 0-0: Ball
1-0: Ball
2-0: Ball
3-0: Called Strike
3-1: Called Strike
3-2: Foul Ball, location: 2F
3-2: Foul Ball, location: 2F
3-2: Foul Ball, location: 2F
3-2: Base on Balls
Pinch Runner at 1st Luis Manuel López:
Pinch Hitting: RHB Joe Bailey 0-0: Sac Bunt - play at first, batter OUT! 1-4
Luis Manuel López to second
Batting: RHB Dan Craft 0-0: Ball
1-0: Ball
2-0: Ball
3-0: Called Strike
3-1: Base on Balls
Pitching: RHP Salvador De Jesús
Batting: LHB Motoki Hirata 0-0: Called Strike
Luis Manuel López steals 3rd base
Dan Craft to second
0-1: Intentional Walk
Pinch Hitting: RHB Frederick Chamberlain 0-0: Called Strike
0-1: Fly out, F6 (Popup, 6MD)
Pinch Hitting: RHB Steve Gómez 0-0: Ball
1-0: Foul Ball, location: 2F
1-1: Ball
2-1: Foul Ball, location: 2F
2-2: Foul Ball, location: 2F
2-2: Ball
3-2: Fly out, F2 (Popup, 2R)
Bottom of the 9th over - 0 run(s), 0 hit(s), 0 error(s), 3 left on base; Gainesville 2 - Key West 2
TOP OF THE 10TH
Gainesville Guidos batting - Pitching for Key West Barracudas : RHP George Bennion
Now at C: Chris Adams
Now at 1B: Joe Bailey
Now at SS: Luis Manuel López
Now in LF: Frederick Chamberlain
Batting: RHB Kyle O'Day 0-0: Ball
1-0: Ball
2-0: Called Strike
2-1: Foul Ball, location: 2F
2-2: Ground out 1-3 (Groundball, 13S)
Batting: LHB Pedro Juárez 0-0: Ball
1-0: Foul Ball, location: 2F
1-1: Ball
2-1: Called Strike
2-2: Ball
3-2: DOUBLE (Flyball, 9LM)
Batting: RHB Juan Reyes 0-0: Foul Ball, location: 2F
0-1: Foul Ball, location: 2F
0-2: Ball
1-2: Strikes out swinging
Batting: RHB John Little 0-0: Ball
1-0: Foul Ball, location: 2F
1-1: Ball
2-1: Ball
3-1: Foul Ball, location: 2F
3-2: Base on Balls
Batting: LHB Mark Owens 0-0: Called Strike
0-1: DOUBLE (Line Drive, 3)
Pedro Juárez scores
John Little to third
Batting: LHB António Cedeño 0-0: Ball
1-0: Ball
2-0: Swinging Strike
2-1: Foul Ball, location: 2F
2-2: Foul Ball, location: 2F
2-2: Foul Ball, location: 2F
2-2: Ball
3-2: Base on Balls
Batting: RHB Kurt Walter 0-0: Called Strike
0-1: Ball
1-1: Fly out, F4 (Line Drive, 4M)
Top of the 10th over - 1 run(s), 2 hit(s), 0 error(s), 3 left on base; Gainesville 3 - Key West 2
BOTTOM OF THE 10TH
Key West Barracudas batting - Pitching for Gainesville Guidos : RHP Salvador De Jesús
Pitching: LHP Kelly Henry
Now at C: Scott Young
Now in LF: Lynn Ford
Batting: RHB Anastasio Villa 0-0: Called Strike
0-1: Hit by Pitch
Batting: LHB Domingo Ledesma 0-0: Swinging Strike
0-1: Ball
1-1: Foul Ball, location: 2F
1-2: Ball
2-2: Strikes out swinging
Pinch Hitting: SHB Jacob Knapp 0-0: Swinging Strike
0-1: Swinging Strike
0-2: Strikes out swinging
Pinch Hitting: RHB Gary Duffy 0-0: Called Strike
0-1: Ball
1-1: Foul Ball, location: 2F
1-2: Strikes out looking
Bottom of the 10th over - 0 run(s), 0 hit(s), 0 error(s), 1 left on base; Gainesville 3 - Key West 2
Monday, December 5th, 2016 - OOTP Baseball 17.12 Build 75